 Dungeon Crawl Stone Soup version 0.31-a0-1009-g454b1f1e0a (webtiles) character file.

Game seed: 13521305040145979345

(classic levelgen) 78032 Amnesiac the Eclecticist (level 16, -27/91 HPs)
             Began as a Djinni Conjurer on Nov 14, 2023.
             Was the Champion of Makhleb.
             Killed from afar by Jorgrun (46 damage)
             ... with an iron shot
             ... on level 13 of the Dungeon.
             The game lasted 01:09:24 (19497 turns).

Amnesiac the Eclecticist (Djinni Conjurer)         Turns: 19497, Time: 01:09:26

Health: -27/91     AC: 19    Str:  6    XL:     16   Next: 7%
Gold:   1429       EV: 16    Int: 33    God:    Makhleb [******] SH:  7 Dex: 15

rFire   + + +        U - staff of conjuration {!a}
rCold   . . .        W - +3 buckler {AC+3}
rNeg    . . .        I - +2 robe {rC+ rF+}
rPois   ∞            G - +2 helmet {Int+3}
rElec   .            S - +2 cloak
rCorr   .            L - +1 pair of gloves of Poaq {+Inv Int+3 Dex+2}
SInv    .            (boots unavailable)
Will    +....        J - amulet of the acrobat
Stlth   ++           j - +4 ring of protection
HPRegen 0.35/turn    y - +5 ring of evasion
MPRegen 0.00/turn

%: acrobat, infuse magic (-28 HP)
@: flying, studying Staves
A: sickness immunity, fire resistance 2, cold vulnerability 1, float, innate
caster, HP casting, extra vitality 1
a: Renounce Religion, Evoke Invisibility, Minor Destruction, Lesser Servant of
Makhleb, Major Destruction, Greater Servant of Makhleb


You were on level 13 of the Dungeon.
You worshipped Makhleb.
Makhleb was exalted by your worship.
You visited 4 branches of the dungeon, and saw 21 of its levels.
You also visited: Ossuary, Bailey, Gauntlet and Volcano.

You collected 2108 gold pieces.
You spent 679 gold pieces at shops.

Inventory:

Hand Weapons
 x - the +2 sling of Embarrassment {flame, rC+ Int+5 Dex-4}
   (You found it on level 2 of the Dungeon)

   Int+5:     It affects your intelligence (+5).
   Dex-4:     It affects your dexterity (-4).
   rC+:       It protects you from cold.
 X - the +10 dark maul {heavy}
   (You took it off a two-headed ogre on level 10 of the Dungeon)
Missiles
 D - 3 throwing nets
 R - 10 curare-tipped darts
Armour
 G - a +2 helmet of intelligence (worn)
 I - a +2 robe of resistance (worn)
 L - the +1 pair of gloves of Poaq (worn) {+Inv Int+3 Dex+2}
   (You bought it in a shop on level 6 of the Dungeon)

   Int+3:     It affects your intelligence (+3).
   Dex+2:     It affects your dexterity (+2).
   +Inv:      It lets you turn invisible.
 S - a +2 cloak (worn)
 W - a +3 buckler of protection (worn)
Magical Staves
 U - a staff of conjuration (weapon) {!a}
Jewellery
 j - a +4 ring of protection (left hand)
 k - a ring of resist corrosion
 y - a +5 ring of evasion (right hand)
 B - the ring "Wojumni" {rPois rN++ Will+++ Str-2 Slay+4}
   (You found it on level 1 of the Lair of Beasts)

   [ring of slaying]

   Str-2:     It affects your strength (-2).
   Slay+4:    It affects your accuracy & damage with ranged weapons and melee
   (+4).
   rPois:     It protects you from poison rN++: It greatly protects you from
   negative energy.
   Will+++:   It greatly increases your willpower.
 F - a ring of wizardry
 J - an amulet of the acrobat (around neck)
Wands
 i - a wand of mindburst (5)
 Q - a wand of charming (16)
 V - a wand of roots (23)
Scrolls
 a - a scroll of butterflies {!r}
 d - 8 scrolls of immolation {!r}
 m - 3 scrolls of revelation {!r}
 n - a scroll of vulnerability {!r}
 o - 14 scrolls of teleportation {!r}
 q - a scroll of poison {!r}
 s - a scroll of silence {!r}
 t - 4 scrolls of fear {!r}
 v - a scroll of blinking {!r}
Potions
 e - 2 potions of might {!q}
 f - 2 potions of invisibility {!q}
 g - 5 potions of haste {!q}
 l - 5 potions of brilliance {!q}
 p - 8 potions of enlightenment {!q}
 r - 3 potions of cancellation {!q}
 u - 4 potions of lignification {!q}
 w - 9 potions of curing {!q}
 z - 3 potions of mutation {!q}
 A - 2 potions of berserk rage {!q}
 H - 2 potions of attraction {!q}
 M - 6 potions of heal wounds {!q}
 T - 2 potions of ambrosia {!q}
Miscellaneous
 K - a lightning rod (4/4)
 N - a phial of floods
 O - a sack of spiders
 Y - a phantom mirror


   Skills:
 + Level 0.6 Fighting
 + Level 1.0 Staves
 - Level 2.1 Dodging
 - Level 1.5 Stealth
 * Level 20.2 Spellcasting
 * Level 20.2 Conjurations
 * Level 20.2 Hexes
   Level 0.0 Charms
 * Level 20.2 Summonings
 * Level 20.2 Necromancy
 * Level 20.2 Translocations
 * Level 20.2 Transmutations
 * Level 20.2 Fire Magic
 * Level 20.2 Ice Magic
 * Level 20.2 Air Magic
 * Level 20.2 Earth Magic
 * Level 20.2 Poison Magic


You knew the following spells:

 Your Spells              Type           Power      Damage    Failure   Level
a - Necrotise             Necr           100%       1d9       0%          1
b - Iskenderun's Mystic   Conj/Tloc      100%       2d19      0%          4
c - Fulminant Prism       Conj/Hex       64%        3d26      0%          4
d - Dazzling Flash        Conj/Hex       100%       N/A       0%          3
e - Magic Dart            Conj           100%       1d8       0%          1
f - Searing Ray           Conj           100%       2d8       0%          2
g - Lesser Beckoning      Tloc           100%       N/A       0%          2
h - Yara's Violent Unrav  Hex/Tmut       52%        3d20      0%          5
i - Dimensional Bullseye  Hex/Tloc       52%        N/A       0%          4
j - Vhi's Electric Charg  Tloc/Air       100%       N/A       0%          4
s - Conjure Ball Lightni  Conj/Air       64%        3x3d23    1%          6
v - Passwall              Tmut/Erth      87%        N/A       0%          2
Your spell library was empty.

Dungeon Overview and Level Annotations

Branches:
Dungeon (13/15)            Temple (1/1) D:5            Lair (5/5) D:9
  Swamp (0/4) Lair:3        Snake (0/4) Lair:3        Slime (0/5) Lair:5
    Orc (2/2) D:11            Elf (0/3) Orc:2       Ossuary (visited)
 Bailey (visited)         Volcano (visited)         Gauntlet (visited)
 Vaults: D:13-14

Altars:
Ashenzari
Cheibriados
Dithmenos
Elyvilon
Fedhas
Gozag
Hepliaklqana
Makhleb
Nemelex Xobeh
Okawaru
Qazlal
Ru
Trog
Uskayaw
Wu Jian
Xom
Yredelemnul
Zin
The Shining One

Shops:
D:6 [*[*[   D:8 ?   Orc:1 (   Orc:2 [*?=

Annotations:
D:2 exclusion: downstairs
D:13 Jorgrun


Innate Abilities, Weirdness & Mutations

You are immune to sickness and miasma.
You are immune to poison.
Your flesh is very heat resistant. (rF++)
You are vulnerable to cold. (rC-)
You float through the air rather than walking.
You learn spells naturally, not from books.
Your magical power is your life essence.
You have superior vitality. (+4 MHP)


Message History

Press: ? - help, Dir - move target You feel a surge of power!
You conjure a prism of explosive energy!
A fulminant prism comes into view.
The centaur warrior shoots an arrow.
The arrow hits your fulminant prism!
The centaur warrior shoots an arrow.
The arrow hits your fulminant prism!
The centaur warrior shoots an arrow.
The arrow hits your fulminant prism!
Your fulminant prism crackles loudly.
The centaur warrior shoots an arrow.
The arrow hits your fulminant prism!!
Your fulminant prism explodes!
The blast of energy engulfs the centaur warrior!!
You kill the centaur warrior!
Makhleb accepts your kill.
You feel better.
Your Staves skill increases to level 1!
You hear a grinding noise.
You hear a grinding noise.
Jorgrun Earthshaker comes into view.
He is wielding a +0 heavy quarterstaff.
Press: ? - help, v - describe, . - travel
Here: Jorgrun, wielding a +0 heavy quarterstaff and wearing a +0 robe The floor.
Casting: Fulminant Prism (safe; 0% risk of failure)
Confirm with . or Enter, or press ? or * to list all spells.
Aiming: Fulminant Prism (safe; 0% risk of failure)
Press: ? - help, Dir - move target You feel a surge of power!
You conjure a prism of explosive energy!
A fulminant prism comes into view.
Jorgrun says, "Yer just na down-ta-earth enough."
Your fulminant prism crackles loudly.
Jorgrun gestures next to your fulminant prism while chanting.
The wall shatters!
The blast of rock fragments hits your fulminant prism!!
Casting: Fulminant Prism (safe; 0% risk of failure)
Confirm with . or Enter, or press ? or * to list all spells.
Aiming: Fulminant Prism (safe; 0% risk of failure)
Press: ? - help, Dir - move target You feel a surge of power!
You conjure a prism of explosive energy!
A fulminant prism comes into view.
Your fulminant prism explodes!
The blast of energy engulfs Jorgrun!!
Jorgrun is moderately wounded.
Jorgrun gestures at you while chanting.
Roots burst forth from the earth!
The grasping roots grab you! The grasping roots constrict you!
You hear a roar!
The roots grasp on you weakens, but your attempt to escape fails.
Your fulminant prism crackles loudly.
The grasping roots constrict you!
The roots grasp on you weakens, but your attempt to escape fails.
Your fulminant prism explodes!
The blast of energy engulfs you!!!
* * * LOW HITPOINT WARNING * * *
The grasping roots constrict you!
* * * LOW HITPOINT WARNING * * *
You hear an angry buzzing noise. x2
You escape the roots grasp.
There is a stone staircase leading up here.
Jorgrun points at you and mumbles some strange words.
The iron shot hits you!!!
Ouch! That really hurt!
You die...

#.. #.#
#.#
##+###.###
#)....g..#
#........#
#........#
#........+
#......@.#
#........#
##########


You could see Jorgrun.

Vanquished Creatures
  Rupert (Orc:2)
  Gastronok (Lair:3)
  An orc warlord (Bailey)
  A minotaur (Gauntlet)
  A red draconian (Volcano)
  Snorg (Orc:1)
  A fire dragon (Lair:5)
  6 hydras
  A centaur warrior (D:13)
  A boulder beetle (D:12)
  5 two-headed ogres
  Urug (Lair:5)
  A soul eater (Gauntlet)
  7 orc high priests
  Amaemon (Lair:1)
  Sonja (D:10)
  A skyshark (Lair:2)
  A salamander mystic (Volcano)
  2 bog bodies (Lair:3)
  10 orc knights (Orc:2)
  4 lindwurms (Lair:5)
  An oklob plant (D:8)
  2 orc sorcerers
  2 ugly things
  4 salamanders (Volcano)
  2 manticores (D:12)
  2 cyclopes
  7 elephants
  An ice statue (Gauntlet)
  3 black mambas (Lair:5)
  An orange demon (Lair:1)
  Maggie (Lair:2)
  3 rime drakes
  2 molten gargoyles (Lair:5)
  An unseen horror (D:12)
  11 cane toads
  12 komodo dragons
  3 trolls
  Grinder (D:3)
  A tyrant leech (Gauntlet)
  2 polar bears
  3 hornets
  Prince Ribbit (D:5)
  13 blink frogs
  13 dream sheep (Lair:5)
  4 slime creatures (D:9)
  2 shadows
  3 vampires
  2 wraiths
  6 wyverns
  3 basilisks (Lair:5)
  2 steam dragons
  37 yaks
  15 vampire mosquitoes (D:12)
  9 swamp worms
  2 wargs (Orc:2)
  12 water moccasins
  An acid dragon (D:10)
  4 hell hounds (Lair:5)
  3 ice beasts (D:11)
  3 black bears
  43 orc warriors
  8 wolves
  8 ogres
  5 centaurs
  A phantom (D:6)
  A gnoll sergeant (D:8)
  16 bullfrogs
  18 scorpions
  10 wights
  An oklob sapling (D:8)
  9 killer bees
  A howler monkey (D:8)
  7 electric eels
  5 lava snakes (Lair:5)
  3 centaur zombies (Ossuary)
  4 crimson imps (D:11)
  2 jellies
  29 orc priests
  2 human zombies (Ossuary)
  3 gnoll boudas
  8 hounds
  An iguana (D:5)
  2 sleepcaps
  10 orc wizards
  4 hell rats (Lair:2)
  3 scorpion zombies (Ossuary)
  3 mummies (Ossuary)
  33 gnolls
  11 adders
  3 shadow imps (Gauntlet)
  7 white imps
  An ufetubus (D:11)
  2 worms
  A dart slug (D:4)
  94 orcs
  11 endoplasms
  2 giant cockroaches
  2 gnoll zombies (Ossuary)
  11 goblins
  6 hobgoblins
  8 jackals
  4 quokkas
  18 ball pythons
  5 bats
  3 frilled lizards
  4 goblin zombies (Ossuary)
  A hobgoblin zombie (Ossuary)
  18 kobolds
  3 kobold zombies (Ossuary)
  7 rats
  4 fulminant prisms
715 creatures vanquished.

Vanquished Creatures (collateral kills)
  A kobold (Bailey)
1 creature vanquished.

Vanquished Creatures (others)
  A gnoll (Bailey)
  116 fulminant prisms
117 creatures vanquished.

Grand Total: 833 creatures vanquished

Notes
Turn   | Place    | Note
-------+----------+-------------------------------------------
     0 | D:1      | Amnesiac the Djinni Conjurer began the quest for the Orb.
     0 | D:1      | Amnesiac set off with the following spells memorised: Magic
                  | Dart, Searing Ray, Dazzling Flash, Fulminant Prism,
                  | Iskenderun's Mystic Blast.
     0 | D:1      | Reached XP level 1. HP: 15/15 MP: 0/0
   309 | D:1      | Reached XP level 2. HP: 19/21 MP: 0/0
   345 | D:3      | Noticed Grinder
   515 | D:3      | You are sucked into a shaft and drop 3 floors!
   543 | D:6      | Found Egonuid's General Store.
   568 | D:6      | Reached XP level 3. HP: 14/25 MP: 0/0
   568 | D:6      | Learned a level 1 spell: Necrotise
   633 | D:5      | Entered Level 5 of the Dungeon
   633 | D:5      | Noticed Prince Ribbit
   648 | D:6      | Reached XP level 4. HP: 22/31 MP: 0/0
   716 | D:6      | Found a sand-covered staircase.
   759 | D:6      | Noticed an ogre
   773 | D:6      | Reached XP level 5. HP: 23/35 MP: 0/0
   773 | D:6      | Learned a level 2 spell: Lesser Beckoning
   792 | Ossuary  | Entered an ossuary
   809 | Ossuary  | Reached skill level 5 in Spellcasting
   809 | Ossuary  | Reached skill level 5 in Conjurations
   809 | Ossuary  | Reached skill level 5 in Hexes
   809 | Ossuary  | Reached skill level 5 in Summonings
   809 | Ossuary  | Reached skill level 5 in Necromancy
   809 | Ossuary  | Reached skill level 5 in Translocations
   809 | Ossuary  | Reached skill level 5 in Transmutations
   809 | Ossuary  | Reached skill level 5 in Fire Magic
   809 | Ossuary  | Reached skill level 5 in Ice Magic
   809 | Ossuary  | Reached skill level 5 in Air Magic
   809 | Ossuary  | Reached skill level 5 in Earth Magic
   809 | Ossuary  | Reached skill level 5 in Poison Magic
   815 | Ossuary  | Reached XP level 6. HP: 7/40 MP: 0/0
  1078 | Ossuary  | Reached XP level 7. HP: 23/45 MP: 0/0
  1078 | Ossuary  | Learned a level 2 spell: Passwall
  1258 | Ossuary  | Reached XP level 8. HP: 15/50 MP: 0/0
  1837 | D:5      | Killed Prince Ribbit
  1838 | D:5      | Reached XP level 9. HP: 32/55 MP: 0/0
  1838 | D:5      | Learned a level 4 spell: Dimensional Bullseye
  1950 | D:5      | Found a staircase to the Ecumenical Temple.
  2122 | Temple   | Entered the Ecumenical Temple
  2132 | Temple   | Became a worshipper of Makhleb the Destroyer
  3248 | D:2      | Identified the +2 sling of Embarrassment {flame, rC+ Int+5
                  | Dex-4}
  3742 | D:3      | Reached * piety under Makhleb
  3839 | D:3      | Found a faded altar of an unknown god.
  3860 | D:3      | Killed Grinder
  4465 | D:4      | Reached ** piety under Makhleb
  4819 | D:5      | Reached skill level 10 in Spellcasting
  4819 | D:5      | Reached skill level 10 in Conjurations
  4819 | D:5      | Reached skill level 10 in Hexes
  4819 | D:5      | Reached skill level 10 in Summonings
  4819 | D:5      | Reached skill level 10 in Necromancy
  4819 | D:5      | Reached skill level 10 in Translocations
  4819 | D:5      | Reached skill level 10 in Transmutations
  4819 | D:5      | Reached skill level 10 in Fire Magic
  4819 | D:5      | Reached skill level 10 in Ice Magic
  4819 | D:5      | Reached skill level 10 in Air Magic
  4819 | D:5      | Reached skill level 10 in Earth Magic
  4819 | D:5      | Reached skill level 10 in Poison Magic
  5288 | D:6      | Found Ruzu's Antique Armour Emporium.
  5594 | D:6      | Reached XP level 10. HP: 44/60 MP: 0/0
  5648 | D:6      | Found Xibborgh's Antique Armour Boutique.
  5648 | D:6      | Found Huetah's Assorted Antiques.
  5843 | D:6      | Found Meicli's Antique Armour Shoppe.
  6100 | D:6      | Bought a glowing robe for 99 gold pieces
  6274 | D:7      | Noticed a two-headed ogre
  6280 | D:7      | Killed a two-headed ogre
  6494 | D:7      | Noticed a komodo dragon
  6541 | D:7      | Identified the +5 great sword of Untruth {freeze, Str+3
                  | Int+2}
  6617 | D:7      | Killed a komodo dragon
  6643 | D:7      | Reached *** piety under Makhleb
  6664 | D:7      | Reached XP level 11. HP: 62/65 MP: 0/0
  6664 | D:7      | Learned a level 4 spell: Vhi's Electric Charge
  7486 | D:6      | Bought a pair of spiked gloves for 256 gold pieces
  7486 | D:6      | Identified the +1 pair of gloves of Poaq {+Inv Int+3 Dex+2}
                  | (You bought it in a shop on level 6 of the Dungeon)
  7510 | D:8      | Identified the of Aheys
  7586 | D:8      | Found an ornate altar of the Wu Jian Council.
  7661 | D:8      | Found Imak's Magic Scroll Boutique.
  7664 | D:8      | Bought a scroll of teleportation for 45 gold pieces
  7755 | D:8      | Found a flagged portal.
  7764 | Bailey   | Entered a bailey
  7902 | Bailey   | Noticed an orc warlord
  7926 | Bailey   | Reached **** piety under Makhleb
  7950 | Bailey   | Found a runed translucent gate.
  7950 | Bailey   | Found a runed translucent gate.
  7973 | Bailey   | Found a runed translucent gate.
  8173 | Bailey   | Killed an orc warlord
  8557 | D:8      | Noticed an oklob plant
  8564 | D:8      | Killed an oklob plant
  9594 | D:9      | Found a glowing silver altar of Zin.
  9606 | D:9      | Noticed an elephant
  9607 | D:9      | Found a staircase to the Lair.
  9618 | D:9      | Killed an elephant
  9619 | D:9      | Reached XP level 12. HP: 36/70 MP: 0/0
  9904 | D:10     | Entered Level 10 of the Dungeon
  9939 | D:10     | Noticed Sonja
  9946 | D:10     | Killed Sonja
 10396 | D:10     | Noticed a two-headed ogre
 10396 | D:10     | Noticed a two-headed ogre
 10403 | D:10     | Killed a two-headed ogre
 10409 | D:10     | Killed a two-headed ogre
 10436 | D:10     | Reached ***** piety under Makhleb
 10752 | Gauntlet | Identified the "Minen"
 10777 | D:11     | Found a shimmering altar of Xom.
 10887 | D:11     | Found a staircase to the Orcish Mines.
 11002 | D:11     | Noticed a two-headed ogre
 11009 | D:11     | Killed a two-headed ogre
 11079 | D:11     | Noticed a two-headed ogre
 11093 | D:11     | Killed a two-headed ogre
 11094 | D:11     | Reached skill level 15 in Spellcasting
 11094 | D:11     | Reached skill level 15 in Conjurations
 11094 | D:11     | Reached skill level 15 in Hexes
 11094 | D:11     | Reached skill level 15 in Summonings
 11094 | D:11     | Reached skill level 15 in Necromancy
 11094 | D:11     | Reached skill level 15 in Translocations
 11094 | D:11     | Reached skill level 15 in Transmutations
 11094 | D:11     | Reached skill level 15 in Fire Magic
 11094 | D:11     | Reached skill level 15 in Ice Magic
 11094 | D:11     | Reached skill level 15 in Air Magic
 11094 | D:11     | Reached skill level 15 in Earth Magic
 11094 | D:11     | Reached skill level 15 in Poison Magic
 11108 | D:11     | Found a gate leading to a gauntlet.
 11115 | Gauntlet | Entered a Gauntlet
 11115 | Gauntlet | Found a transporter.
 11115 | Gauntlet | Found a transporter.
 11119 | Gauntlet | Found a transporter.
 11126 | Gauntlet | Found a transporter.
 11144 | Gauntlet | Found a transporter.
 11148 | Gauntlet | Found a transporter.
 11152 | Gauntlet | Found a large runed translucent door.
 11153 | Gauntlet | Found a large runed translucent door.
 11154 | Gauntlet | Found a large runed translucent door.
 11154 | Gauntlet | Found a large runed translucent door.
 11154 | Gauntlet | Found a large runed translucent door.
 11155 | Gauntlet | Found a runed translucent door.
 11156 | Gauntlet | Noticed a soul eater
 11173 | Gauntlet | Found a transporter.
 11175 | Gauntlet | Found a transporter.
 11177 | Gauntlet | Found a transporter.
 11177 | Gauntlet | Found a transporter.
 11180 | Gauntlet | Found a transporter.
 11181 | Gauntlet | Noticed a fire crab
 11192 | Gauntlet | Found a transporter.
 11267 | Gauntlet | Found a transporter.
 11269 | Gauntlet | Found a large runed translucent door.
 11270 | Gauntlet | Found a large runed translucent door.
 11271 | Gauntlet | Found a runed translucent door.
 11271 | Gauntlet | Found a large runed translucent door.
 11271 | Gauntlet | Found a large runed translucent door.
 11272 | Gauntlet | Found a large runed translucent door.
 11275 | Gauntlet | Found a large runed translucent door.
 11275 | Gauntlet | Found a large runed translucent door.
 11277 | Gauntlet | Found a large runed translucent door.
 11277 | Gauntlet | Found a large runed translucent door.
 11277 | Gauntlet | Found a large runed translucent door.
 11279 | Gauntlet | Found a runed translucent gate.
 11279 | Gauntlet | Found a runed translucent gate.
 11279 | Gauntlet | Found a runed translucent gate.
 11281 | Gauntlet | Found a transporter.
 11292 | Gauntlet | Found a large runed translucent door.
 11385 | Gauntlet | Found a transporter.
 11401 | Gauntlet | Found a transporter.
 11554 | Gauntlet | Killed a soul eater
 11687 | Gauntlet | Noticed a minotaur
 11695 | Gauntlet | Killed a minotaur
 11700 | Gauntlet | Identified the +0 chain mail of the Muttering Gods {rPois}
 12306 | D:12     | Reached XP level 13. HP: 75/75 MP: 0/0
 12306 | D:12     | Learned a level 5 spell: Yara's Violent Unravelling
 13026 | Orc:1    | Entered Level 1 of the Orcish Mines
 13151 | Orc:2    | Entered Level 2 of the Orcish Mines
 13440 | Orc:1    | Reached ****** piety under Makhleb
 13618 | Orc:2    | Found a staircase to the Elven Halls.
 13630 | Orc:2    | Noticed Rupert
 13653 | Orc:2    | Paralysed by Rupert for 4 turns
 13659 | Orc:2    | Killed Rupert
 13783 | Orc:1    | Found Ruchaf's Antique Weapon Boutique.
 13991 | Orc:1    | Noticed Snorg
 14002 | Orc:1    | Killed Snorg
 14003 | Orc:1    | Reached XP level 14. HP: 67/80 MP: 0/0
 14905 | Orc:2    | Found Fuyb's Jewellery Shop.
 14908 | Orc:2    | Found Luyskav's Assorted Antiques.
 14909 | Orc:2    | Found Emecygh's Armour Shop.
 14910 | Orc:2    | Found Ilum's Magic Scroll Shop.
 14918 | Orc:2    | Bought a slimy ring mail for 279 gold pieces
 14918 | Orc:2    | Identified the +2 ring mail of Usog {rCorr} (You bought it
                  | in a shop on level 2 of the Orcish Mines)
 15110 | Lair:1   | Entered Level 1 of the Lair of Beasts
 15162 | Lair:1   | Found a transporter.
 15208 | Lair:1   | Found a transporter.
 15211 | Lair:1   | Identified the ring "Wojumni" {rPois rN++ Will+++ Str-2
                  | Slay+4}
 15218 | Lair:1   | Acquired a +2 helmet of intelligence
 15227 | Lair:1   | Identified the "Uhux" (You acquired it on level 1 of the
                  | Lair of Beasts)
 15227 | Lair:1   | Identified a manual of Staves
 15227 | Lair:1   | Acquired a manual of Staves
 15450 | Lair:1   | Noticed Amaemon
 15454 | Lair:1   | Killed Amaemon
 15902 | Lair:2   | Identified the "Wanaug"
 16239 | Lair:2   | Noticed Maggie
 16249 | Lair:2   | Killed Maggie
 16776 | Lair:3   | Found a staircase to the Swamp.
 16785 | Lair:3   | Reached XP level 15. HP: 84/85 MP: 0/0
 16785 | Lair:3   | Learned a level 6 spell: Conjure Ball Lightning
 16785 | Lair:3   | Noticed Gastronok
 16805 | Lair:3   | Killed Gastronok
 16918 | Lair:3   | Found a staircase to the Snake Pit.
 17134 | Lair:3   | You are sucked into a shaft and drop 2 floors!
 17134 | Lair:5   | Entered Level 5 of the Lair of Beasts
 17139 | Lair:5   | Noticed Urug
 17147 | Lair:5   | Killed Urug
 17233 | Lair:5   | Found a staircase to the Slime Pits.
 17271 | Lair:5   | Found a large runed translucent door.
 17271 | Lair:5   | Found a large runed translucent door.
 17515 | Lair:5   | Found a dark tunnel.
 17526 | Volcano  | Entered a volcano
 17799 | Lair:5   | Reached XP level 16. HP: 24/90 MP: 0/0
 19487 | D:13     | Reached skill level 1 in Staves
 19490 | D:13     | Noticed Jorgrun
 19497 | D:13     | Killed from afar by Jorgrun

Illustrated notes

Levels and vault maps discovered:
D:1:      dpeg_arrival_round_b, layout_loops_corners, hex_large
D:2:      minmay_chambers_of_twos, layout_basic, serial_rivers,
          chequers_serial_rivers_room_b, chequers_serial_rivers_room_b,
          chequers_serial_rivers_micro_d, chequers_serial_rivers_marsh,
          chequers_serial_rivers_marsh
D:3:      layout_rooms, shapermc_ecumenical_altar_mp_ritualfount, uniq_grinder
D:4:      layout_basic
D:5:      nicolae_cairo_tiling_large_dashed, layout_cave_pools,
          minmay_temple_entry_mist, hangedman_decor_slide_cut,
          palyth_stone_intersect, minmay_misc_feat_enclosed, uniq_prince_ribbit1
D:6:      layout_cave_pods, serial_shops, nicolae_shop_window_shopping,
          kennysheep_mini_moat, nicolae_shop_tiny_statue_garden,
          nicolae_shop_dealshenge, shop, enter_ossuary_2
D:7:      minmay_the_grid_octo_triangle [minmay_the_grid_octo_checkered,
          minmay_the_grid_octo_prize_ultimate_mussel_roller,
          minmay_the_grid_octo_tetromino_candy], layout_rooms,
          serial_co_window_serial, co_window_corner_a, co_window_cross_1,
          co_window_paths_b, co_window_paths_a, co_window_corner_a,
          co_window_broadway_b, co_window_unsneaky_path_e,
          co_window_unsneaky_path_d, co_window_broadway_b, serial_bayou_pond_a,
          uniq_jeremiah
D:8:      layout_gridville, kennysheep_little_box, serial_shops, shop,
          enter_bailey_8, introduction_to_nature_2
D:9:      layout_cave_pools, kennysheep_mini, grunt_lair_entry_orc_guard_hut,
          serial_bayou, serial_bayou_pond_d, serial_bayou_ford_a,
          serial_bayou_lagoon_b, serial_bayou_pond_a
D:10:     layout_roguey, kennysheep_decorative_pillar,
          hellmonk_guarded_unrand_dark_maul, uniq_sonja
D:11:     layout_gridville, orc_0_dummy, serial_ice, serial_ice_b, serial_ice_j,
          serial_ice_d, serial_ice_c, gauntlet_entry_generic, led_xom_imps
D:12:     layout_irregular_city, serial_bayou, serial_bayou_crossing,
          serial_bayou_pond_e, serial_bayou_pond_a, serial_bayou_pond_e
D:13:     layout_roguey, hellmonk_vaults_order_and_chaos, serial_shops,
          nicolae_shop_mannequins, uniq_jorgrun, uniq_josephine
Temple:   nicolae_temple_slightly_damp_pantheon
Lair:1:   gammafunk_worm_tunnel, layout_regular_city, lemuel_fruit_tree,
          uniq_amaemon
Lair:2:   layout_loops_ring, uniq_maggie
Lair:3:   layout_concentric_octagons, skrybe_swamp_entry_bodies,
          dummy_snake_entry, uniq_gastronok
Lair:4:   layout_misc_corridors
Lair:5:   cheibrodos_lair_end_hotspot, layout_cave_shapes, slime_entry_2,
          nicolae_volcano_entry_vermiform, uniq_urug
Orc:1:    layout_caves, serial_shops, shop, uniq_snorg
Orc:2:    st_orc_pillars, layout_diamond_mine, special_room, uniq_rupert

Skill      XL: |  1  2  3  4  5  6  7  8  9 10 11 12 13 14 15 16 |
---------------+-------------------------------------------------+-----
Spellcasting   | 4 5 6 7 8 10 12 13 15 17 18 20 | 20.2
Conjurations   | 4 5 6 7 8 10 12 13 15 17 18 20 | 20.2
Hexes          | 4 5 6 7 8 10 12 13 15 17 18 20 | 20.2
Summonings     | 4 5 6 7 8 10 12 13 15 17 18 20 | 20.2
Necromancy     | 4 5 6 7 8 10 12 13 15 17 18 20 | 20.2
Translocations | 4 5 6 7 8 10 12 13 15 17 18 20 | 20.2
Transmutations | 4 5 6 7 8 10 12 13 15 17 18 20 | 20.2
Fire Magic     | 4 5 6 7 8 10 12 13 15 17 18 20 | 20.2
Ice Magic      | 4 5 6 7 8 10 12 13 15 17 18 20 | 20.2
Air Magic      | 4 5 6 7 8 10 12 13 15 17 18 20 | 20.2
Earth Magic    | 4 5 6 7 8 10 12 13 15 17 18 20 | 20.2
Poison Magic   | 4 5 6 7 8 10 12 13 15 17 18 20 | 20.2
Staves         | 1 |  1.0
Fighting       | |  0.6
Dodging        | |  2.1
Stealth        | |  1.5

Action                     |  1- 3 |  4- 6 |  7- 9 | 10-12 | 13-15 | 16-18 || total
---------------------------+-------+-------+-------+-------+-------+-------++-------
  Melee: Staff             |       |       |       |       |       |     3 ||     3
   Fire: Sling             |       |       |    16 |    41 |       |       ||    57
   Cast: Magic Dart        |    20 |     4 |   111 |    12 |       |       ||   147
         Searing Ray       |     4 |    12 |    62 |    11 |       |       ||    89
         Iskenderun's Myst |       |     1 |    15 |   127 |   380 |    17 ||   540
         Passwall          |       |       |     1 |    23 |    20 |       ||    44
         Fulminant Prism   |       |       |       |    57 |    59 |     4 ||   120
         Necrotise         |       |       |       |    91 |     1 |       ||    92
    Use: Scroll            |       |       |       |    28 |     9 |       ||    37
         Potion            |       |       |       |     2 |     1 |       ||     3
 Armour: Robe              |    14 |    17 |    36 |    46 |    40 |     5 ||   158
  Dodge: Dodged            |     8 |    21 |    33 |    36 |    72 |     2 ||   172
  Block: Buckler           |       |       |       |       |    21 |     2 ||    23

Table legend: (Time is in decaauts)
 A = Elapsed time spent in this place.
 B = Non-inter-level travel time spent in this place.
 C = Inter-level travel time spent in this place.
 D = Time resting spent in this place.
 E = Time spent auto-exploring this place.
 F = Levels seen in this place.
 G = Mean time per level.
                   A        B        C        D        E       F      G
               +--------+--------+--------+--------+--------+-----+--------+
         Total |  19510 |  18327 |   1183 |   2668 |  10971 |  25 |  780.4 |
       Dungeon |  11171 |  10345 |    826 |   1029 |   6862 |  13 |  859.3 |
        Temple |     20 |     10 |     10 |      0 |      0 |   1 |   20.0 |
          Lair |   4116 |   3905 |    211 |    189 |   2696 |   5 |  823.2 |
  Orcish Mines |   2013 |   1878 |    135 |    680 |    755 |   2 | 1006.5 |
       Ossuary |    950 |    950 |      0 |    615 |    113 |   1 |  950.0 |
        Bailey |    473 |    473 |      0 |    100 |    200 |   1 |  473.0 |
       Volcano |    169 |    169 |      0 |      0 |     95 |   1 |  169.0 |
      Gauntlet |    593 |    593 |      0 |     55 |    250 |   1 |  593.0 |
               +--------+--------+--------+--------+--------+-----+--------+

Top non-repeatable levels by time:
     D:6: 1473 daAuts
   Orc:2: 1398 daAuts
     D:8: 1194 daAuts
  Lair:5: 1188 daAuts
     D:7: 1186 daAuts
     D:2: 1001 daAuts
 Ossuary: 950 daAuts
    D:11: 944 daAuts
     D:1: 919 daAuts
  Lair:2: 878 daAuts
    D:10: 869 daAuts
     D:9: 802 daAuts
  Lair:1: 798 daAuts
    D:12: 797 daAuts
     D:5: 773 daAuts
